 Dungeon Crawl Stone Soup version 0.31-a0-217-g58bb5d79cf (webtiles) character file.

Game seed: 10115916319835118795

886 qw the Skirmisher (level 7, -4/61 HPs)
             Began as a Minotaur Hexslinger on July 3, 2023.
             Slain by a gnoll bouda
             ... wielding a +0 club
              (5 damage)
             ... on level 6 of the Dungeon.
             The game lasted 00:01:47 (4485 turns).

qw the Skirmisher (Minotaur Hexslinger)             Turns: 4485, Time: 00:01:47

Health: -4/61      AC:  4    Str: 13    XL:     7   Next: 76%
Magic:  7/7        EV: 13    Int: 12    God:
Gold:   456        SH:  0    Dex: 19    Spells: 7/8 levels left

rFire   . . .        Y - +1 sling
rCold   . . .        (no shield)
rNeg    . . .        q - +0 robe of the Moon {Fly Int+2 Dex+5}
rPois   .            (helmet restricted)
rElec   .            (no cloak)
rCorr   .            i - +0 pair of gloves
SInv    .            c - +0 pair of boots {Stlth+}
Will    .....        d - amulet of the acrobat
Stlth   +++          (no ring)
HPRegen 0.30/turn    (no ring)
MPRegen 0.10/turn

%: acrobat
@: flying
A: horns 2, retaliatory headbutt
a: no special abilities


You were on level 6 of the Dungeon.
You visited 2 branches of the dungeon, and saw 7 of its levels.

You collected 456 gold pieces.


Innate Abilities, Weirdness & Mutations

You have a pair of horns on your head.
You reflexively headbutt those who attack you in melee.


   Skills:
 - Level 5.2 Fighting
 + Level 8.4 Ranged Weapons
 - Level 1.0 Armour
 - Level 3.0 Dodging
 - Level 1.0 Spellcasting
 - Level 2.0 Hexes


You had 7 spell levels left.
You knew the following spells:

 Your Spells              Type           Power      Damage    Failure   Level
a - Slow                  Hex            20%        N/A       13%         1

Your spell library contained the following spells:

 Spells                   Type           Power      Damage    Failure   Level
 Inner Flame              Hex/Fire       3%         N/A       52%         3
 Portal Projectile        Hex/Tloc       6%         N/A       52%         3
 Cause Fear               Hex            2%         N/A       78%         4

Inventory:

Hand Weapons
 Y - a +1 sling (weapon)
Armour
 c - a +0 pair of boots of stealth (worn)
 i - a +0 pair of gloves (worn)
 q - the +0 robe of the Moon (worn) {Fly Int+2 Dex+5}
   (You found it on level 3 of the Dungeon)

   Int:       It affects your intelligence (+2).
   Dex:       It affects your dexterity (+5).
   Fly:       It grants you flight.
Jewellery
 d - an amulet of the acrobat (around neck)
Scrolls
 f - a scroll of identify
Potions
 a - a potion of curing
 g - a potion of might
 k - a potion of resistance {unknown}
 l - a potion of heal wounds {unknown}
 m - a potion of degeneration {unknown}
 o - a potion of lignification {unknown}

Dungeon Overview and Level Annotations

Branches:
Dungeon (6/15)             Temple (1/1) D:5

Altars:
Ashenzari
Cheibriados
Fedhas
Hepliaklqana
Kikubaaqudgha
Nemelex Xobeh
Qazlal
Uskayaw
Vehumet
Wu Jian
Xom
Zin
The Shining One


Message History

You shoot a sling bullet. The sling bullet hits the gnoll bouda.
The gnoll bouda is heavily wounded.
The gnoll hits you with a +0 club. The gnoll bouda closely misses you.
The gnoll misses you.
You shoot a sling bullet.
The sling bullet closely misses the gnoll bouda.
The gnoll hits you with a +0 club.
The gnoll bouda hits you with a +0 club!
The gnoll hits you from afar with a +0 halberd!
You shoot a sling bullet. The sling bullet hits the gnoll bouda.
The gnoll bouda is severely wounded.
The gnoll hits you with a +0 club.
The gnoll bouda hits you with a +0 club.
The gnoll misses you.
You shoot a sling bullet.
The sling bullet hits the gnoll bouda but does no damage.
The gnoll bouda is severely wounded.
The gnoll hits you with a +0 club. The gnoll bouda closely misses you.
The gnoll hits you from afar with a +0 halberd.
You shoot a sling bullet.
The sling bullet closely misses the gnoll bouda.
The gnoll hits you with a +0 club.
The gnoll bouda hits you but does no damage.
The gnoll closely misses you.
You shoot a sling bullet.
The sling bullet hits the gnoll bouda but does no damage.
The gnoll bouda is severely wounded.
The gnoll misses you. You furiously retaliate!
You headbutt the gnoll.
The gnoll bouda hits you with a +0 club.
The gnoll misses you.
You shoot a sling bullet. The sling bullet hits the gnoll bouda.
The gnoll bouda is almost dead.
The gnoll hits you with a +0 club.
The gnoll bouda hits you with a +0 club.
The gnoll closely misses you.
You shoot a sling bullet.
The sling bullet completely misses the gnoll bouda.
The gnoll completely misses you.
The gnoll bouda hits you with a +0 club.
You die...

################
#........).....#
#%############.#
#.# #.# #@# #.#
.....ggg# #.#
.......g# #.#
####....#
#####.# ......#
#...#.# ###....#
#...#<# #....#
#...#.# #....#
#...#.# #.....#


You could see a gnoll bouda and 3 gnolls.

Vanquished Creatures
  A black bear (D:3)
  2 ogres (D:5)
  A phantom (D:3)
  A bullfrog (D:5)
  A scorpion (D:4)
  A howler monkey (D:6)
  3 hounds
  A sleepcap (D:5)
  An iguana (D:4)
  6 gnolls
  11 adders
  3 worms
  4 dart slugs
  3 orcs
  10 endoplasms
  5 hobgoblins
  4 jackals
  4 kobolds
  4 quokkas
  9 ball pythons
  7 bats
  3 frilled lizards
  7 goblins
  9 rats
  A butterfly (D:3)
102 creatures vanquished.

Vanquished Creatures (others)
  A human (D:3)
1 creature vanquished.

Grand Total: 103 creatures vanquished

Notes
Turn   | Place    | Note
-------+----------+-------------------------------------------
     0 | D:1      | qw the Minotaur Hexslinger began the quest for the Orb.
     0 | D:1      | Reached XP level 1. HP: 16/16 MP: 1/1
     0 | D:1      | 0 ||| qw: Version: 0.3-a-40-ge99b1a8
     0 | D:1      | 0 ||| qw: Game counter: 290
     0 | D:1      | 0 ||| qw: Melee chars always use a shield: true
     0 | D:1      | 0 ||| qw: God list: Okawaru
     0 | D:1      | 0 ||| qw: Allow faded altars: false
     0 | D:1      | 0 ||| qw: Do Orc after clearing Dungeon:15 true
     0 | D:1      | 0 ||| qw: Do second Lair branch before Depths: true
     0 | D:1      | 0 ||| qw: Lair rune preference: random
     0 | D:1      | 0 ||| qw: Goals: Normal
     0 | D:1      | 0 ||| PLANNING D:1-11
   106 | D:1      | Reached skill level 3 in Ranged Weapons
   123 | D:1      | Reached XP level 2. HP: 23/23 MP: 2/2
   784 | D:1      | 784 ||| UPGRADING to +0 pair of gloves.
   789 | D:1      | 789 ||| UPGRADING to amulet of the acrobat.
   794 | D:1      | 794 ||| READING scroll labelled GUOTOY UR BICE.
   798 | D:1      | 798 ||| READING scroll labelled GAIDWO ZOQEM.
   799 | D:1      | 799 ||| DROPPING scroll of poison.
   894 | D:2      | Reached XP level 3. HP: 29/29 MP: 3/3
  1345 | D:2      | Reached skill level 4 in Ranged Weapons
  1590 | D:2      | 1590 ||| UPGRADING to +0 ring mail.
  1600 | D:2      | 1600 ||| DROPPING +0 robe.
  1601 | D:2      | 1601 ||| READING scroll labelled HUETWOABOT.
  1602 | D:2      | 1602 ||| READING scroll labelled LYKKAGI OTRAL.
  1602 | D:2      | Identified a scroll of acquirement
  1602 | D:2      | 1602 ||| ACQUIRING +0 pair of boots of stealth
  1602 | D:2      | Acquired a +0 pair of boots of stealth
  1604 | D:2      | 1604 ||| UPGRADING to +0 pair of boots of stealth.
  1761 | D:3      | Reached XP level 4. HP: 36/36 MP: 4/4
  1766 | D:3      | Reached skill level 1 in Armour
  1925 | D:3      | Found an ancient bone altar of Kikubaaqudgha.
  1926 | D:3      | Noticed a human
  1929 | D:3      | Killed a human
  1945 | D:3      | Found a shimmering altar of Xom.
  2011 | D:3      | Found a faded altar of an unknown god.
  2011 | D:3      | Noticed a phantom
  2026 | D:3      | HP: 7/36 [phantom (6)]
  2027 | D:3      | 2027 ||| READING 3 scrolls of teleportation.
  2031 | D:3      | 2031 ||| FLEEEEING.
  2032 | D:3      | 2032 ||| FLEEEEING.
  2033 | D:3      | 2033 ||| FLEEEEING.
  2046 | D:3      | Killed a phantom
  2047 | D:3      | Reached skill level 5 in Ranged Weapons
  2047 | D:3      | Reached XP level 5. HP: 15/41 MP: 5/5
  2220 | D:3      | Noticed a black bear
  2303 | D:3      | Killed a black bear
  2304 | D:3      | Reached XP level 6. HP: 28/53 MP: 6/6
  2320 | D:3      | 2320 ||| FLEEEEING.
  2321 | D:3      | 2321 ||| FLEEEEING.
  2322 | D:3      | 2322 ||| FLEEEEING.
  2324 | D:3      | 2324 ||| FLEEEEING.
  2325 | D:3      | 2325 ||| STAIRDANCE
  2405 | D:2      | 2405 ||| READING 2 scrolls of identify.
  2405 | D:2      | 2405 ||| IDENTIFYING metallic brown potion
  2439 | D:3      | Identified the +0 robe of the Moon {Fly Int+2 Dex+5}
  2661 | D:3      | 2661 ||| UPGRADING to +0 robe of the Moon {Fly Int+2
                  | Dex+5}.
  2671 | D:3      | 2671 ||| DROPPING +0 ring mail.
  2672 | D:3      | 2672 ||| READING scroll labelled MOBLOSHRUISA.
  2673 | D:3      | 2673 ||| DRINKING 2 glowing puce potions.
  2674 | D:3      | 2674 ||| READING 2 scrolls of identify.
  2674 | D:3      | 2674 ||| IDENTIFYING pink potion
  2675 | D:3      | 2675 ||| DROPPING potion of attraction.
  2764 | D:4      | Reached skill level 6 in Ranged Weapons
  2831 | D:4      | Found a sparkling altar of Nemelex Xobeh.
  2860 | D:4      | Identified the +6 spear of Greed {spect, Will+}
  2865 | D:4      | Reached skill level 3 in Dodging
  3019 | D:4      | Found a snail-covered altar of Cheibriados.
  3043 | D:4      | HP: 11/53 [poisoned by a scorpion]
  3044 | D:4      | 3044 ||| READING 3 scrolls of teleportation.
  3044 | D:4      | HP: 5/53 [scorpion (2)]
  3045 | D:4      | HP: 1/53 [poisoned by a scorpion]
  3046 | D:4      | 3046 ||| DRINKING potion of curing.
  3046 | D:4      | 3046 ||| (to cure poison)
  3599 | D:4      | 3599 ||| READING scroll labelled VIMIAS ROMYBLU.
  3600 | D:4      | 3600 ||| READING 2 scrolls of identify.
  3600 | D:4      | 3600 ||| IDENTIFYING orange potion
  3601 | D:4      | 3601 ||| DROPPING potion of ambrosia.
  3631 | D:5      | Entered Level 5 of the Dungeon
  3693 | D:5      | HP: 5/53 [ogre/+0 giant club (21)]
  3694 | D:5      | 3694 ||| READING 2 scrolls of teleportation.
  3700 | D:5      | Reached skill level 7 in Ranged Weapons
  3700 | D:5      | Reached XP level 7. HP: 7/60 MP: 7/7
  3701 | D:5      | 3701 ||| READING scroll of teleportation.
  3897 | D:5      | Found a staircase to the Ecumenical Temple.
  3898 | D:5      | 3898 ||| PLANNING TEMPLE
  3903 | Temple   | Entered the Ecumenical Temple
  3996 | Temple   | 3996 ||| PLANNING D:1-11
  4281 | D:5      | Reached skill level 8 in Ranged Weapons
  4388 | D:5      | 4388 ||| READING scroll labelled XOT LOREOSAFYO.
  4389 | D:5      | 4389 ||| READING 2 scrolls of identify.
  4389 | D:5      | 4389 ||| IDENTIFYING murky brown potion
  4390 | D:5      | 4390 ||| DROPPING potion of berserk rage.
  4481 | D:6      | HP: 13/61 [gnoll/+0 halberd[a gnoll bouda] (5)]
  4484 | D:6      | HP: 6/61 [gnoll/+0 club[a gnoll bouda] (5)]
  4484 | D:6      | HP: 1/61 [gnoll bouda/+0 club (5)]
  4485 | D:6      | Slain by a gnoll bouda

Levels and vault maps discovered:
D:1:      dpeg_arrival_tiny_b, layout_basic, st_stairs_7
D:2:      layout_basic, roderic_lattice_a
D:3:      layout_basic, xom_butterflies, tgw_kikubaaqudgha,
          shapermc_ecumenical_altar_gd, minmay_joined_circles
D:4:      layout_basic, old_standard_altar, amcnicky_altar_gilded
D:5:      layout_cave_pools, minmay_temple_entry_wispy, serial_column_ruins,
          column_ruins_pillar_1, column_ruins_pillar_4, column_ruins_pillar_1,
          column_ruins_pillar_6, column_ruins_pillar_3, column_ruins_pillar_6,
          column_ruins_pillar_9, column_ruins_pillar_2, column_ruins_pillar_3,
          column_ruins_pillar_2, column_ruins_pillar_5, column_ruins_pillar_2,
          column_ruins_pillar_9
D:6:      layout_basic, grunt_gozag_breadcrumbs
Temple:   kb_temple_of_zot

Skill      XL: |  1  2  3  4  5  6  7 |
---------------+----------------------+-----
Ranged Weapons | 3 4 5 7 8 |  8.4
Fighting       | 2 4 5 |  5.2
Armour         | 1 |  1.0
Dodging        | 3 |  3.0
Spellcasting   | |  1.0
Hexes          | |  2.0

Action                     |  1- 3 |  4- 6 |  7- 9 || total
---------------------------+-------+-------+-------++-------
   Fire: Sling             |   113 |   194 |    89 ||   396
    Use: Scroll            |     4 |     8 |     3 ||    15
         Potion            |       |     2 |       ||     2
 Armour: Robe              |    11 |     6 |     2 ||    19
         Ring mail         |       |    37 |       ||    37
  Dodge: Dodged            |    26 |    84 |    22 ||   132

Table legend:
 A = Non-vault XP
 B = Vault XP
 C = Vault XP percentage of total XP
 D = Non-vault monster count
 E = Vault monster count
 F = Vault count percentage of total count
                 A         B        C        D         E       F
            +---------+---------+-------+---------+---------+-------
      Total |    1082 |     184 |  14.5 |      87 |      14 |  13.9
            +---------+---------+-------+---------+---------+-------
        D:1 |      20 |       4 |  16.7 |      14 |       1 |   6.7
        D:2 |      62 |       0 |   0.0 |      15 |       0 |   0.0
        D:3 |     153 |     180 |  54.1 |      23 |      13 |  36.1
        D:4 |     244 |       0 |   0.0 |      18 |       0 |   0.0
        D:5 |     496 |       0 |   0.0 |      14 |       0 |   0.0
        D:6 |     107 |       0 |   0.0 |       3 |       0 |   0.0
            +---------+---------+-------+---------+---------+-------
